 Dungeon Crawl Stone Soup version 0.32-a0-931-g5a2cda0630 (webtiles) character file.

Game seed: 7194298437631499718

2976 GamesABlazin the Magician (level 10, -17/70 HPs)
             Began as a Djinni Fire Elementalist on Apr 8, 2024.
             Was an Initiate of Makhleb.
             Demolished by an orc warrior
             ... wielding a +0 glaive
              (21 damage)
             ... on level 7 of the Dungeon on Apr 13, 2024.
             The game lasted 00:50:21 (7161 turns).

GamesABlazin the Magician (DjFE)                    Turns: 7161, Time: 00:50:22

Health: -17/70     AC:  7    Str: 11    XL:     10   Next: 8%
Gold:   0          EV: 10    Int: 21    God:    Makhleb [......] SH: 10 Dex: 14

rFire   + + .        f - +1 trident (venom)
rCold   x . .        w - +0 kite shield
rNeg    . . .        x - +2 robe "Osimipt" {Int+4}
rPois   ∞            u - +0 helmet
rElec   .            e - +0 cloak
rCorr   .            b - +0 pair of gloves
SInv    .            (boots unavailable)
Will    +....        (no amulet)
Stlth   ++           (no ring)
HPRegen 0.31/turn    (no ring)

%: infuse magic (-18 HP)
@: mighty, flying
A: sickness immunity, fire resistance 2, cold vulnerability 1, float, innate
caster, HP casting, extra vitality 1
a: Renounce Religion


You were on level 7 of the Dungeon.
You worshipped Makhleb.
Makhleb was noncommittal.
You visited 2 branches of the dungeon, and saw 8 of its levels.

You collected 14 gold pieces.
You spent 14 gold pieces at shops.

Inventory:

Hand Weapons
 f - a +1 trident of venom (weapon)
Armour
 b - a +0 pair of gloves (worn)
 e - a +0 cloak (worn)
 u - a +0 helmet (worn)
 w - a +0 kite shield (worn)
 x - the +2 robe "Osimipt" (worn) {Int+4}
   (You found it on level 3 of the Dungeon)

   Int+4:     It affects your intelligence (+4).
Scrolls
 c - a scroll of silence {!r}
 d - 3 scrolls of teleportation {!r}
 m - a scroll of enchant armour {unknown}
 o - a scroll of butterflies {unknown}
 y - a scroll of amnesia {unknown}
 z - a scroll of enchant weapon {unknown}
 C - a scroll of noise {unknown}
 D - a scroll of vulnerability {unknown}
 E - a scroll of immolation {unknown}
 F - a scroll of blinking {unknown}
Potions
 k - a potion of might {!q}
 l - a potion of invisibility {unknown}
 s - 2 potions of haste {unknown}
 t - a potion of attraction
 A - a potion of curing {unknown}
 B - a potion of lignification {unknown}


   Skills:
 - Level 5.0 Fighting
 + Level 3.8 Armour
 - Level 4.0 Dodging
 - Level 1.9 Stealth
 - Level 7.0 Shields
 - Level 7.3 Spellcasting
 - Level 7.3 Conjurations
 - Level 7.3 Hexes
 - Level 7.3 Summonings
 - Level 7.3 Necromancy
 - Level 7.3 Translocations
 - Level 7.3 Fire Magic
 - Level 7.3 Ice Magic
 - Level 7.3 Air Magic
 - Level 7.3 Earth Magic
 - Level 7.3 Alchemy


You knew the following spells:

 Your Spells              Type           Power      Damage    Failure   Level
a - Scorch                Fire           76%        2d8       1%          2
b - Mercury Vapours       Alch/Air       76%        N/A       1%          2
c - Anguish               Hex/Necr       19%        N/A       14%         4
d - Inner Flame           Hex/Fire       38%        N/A       4%          3
e - Flame Wave            Conj/Fire      38%        2d10      14%         4
f - Foxfire               Conj/Fire      100%       2x1d9     1%          1
q - Apportation           Tloc           76%        N/A       1%          1
s - Volatile Blastmotes   Fire/Tloc      76%        2d16      4%          3
z - Mephitic Cloud        Conj/Alch/Air  38%        N/A       4%          3
Your spell library was empty.

Dungeon Overview and Level Annotations

Branches:
Dungeon (7/15)             Temple (1/1) D:7

Altars:
Ashenzari
Cheibriados
Dithmenos
Elyvilon
Fedhas
Gozag
Hepliaklqana
Makhleb
Nemelex Xobeh
Okawaru
Qazlal
Ru
Trog
Uskayaw
Xom
Yredelemnul
Zin
The Shining One
Beogh
Lugonu

Shops:
D:3 !(

Annotations:
D:4 3 runed translucent doors, Arkalis's ghost, amateur DsCK
D:5 exclusion: downstairs
D:6 exclusion: upstairs
D:7 1 exclusion, Maurice


Innate Abilities, Weirdness & Mutations

You are immune to sickness and miasma.
You are immune to poison.
Your flesh is very heat resistant. (rF++)
You are vulnerable to cold. (rC-)
You float through the air rather than walking.
You learn spells naturally, not from books.
Your magical power is your life essence.
You have superior vitality. (+4 MHP)


Message History

You regained 12 hp, and now have 33/70 hp.
You hit Maurice.
Maurice is poisoned.
Maurice is moderately wounded.
The orc warrior barely misses you. Maurice closely misses you.
You block Maurice's attack. The orc warrior barely misses you.
Maurice hits you with a +0 short sword.
* * * LOW HITPOINT WARNING * * *
Maurice mutters, "Now where did you hide it?"
Maurice bites you but does no damage.
You take 3 damage, and have 30/70 hp.
You miss Maurice.
Maurice is moderately wounded.
You block the orc warrior's attack. Maurice hits you with a +0 short sword.
* * * LOW HITPOINT WARNING * * *
Maurice mutters, "Now where did you hide it?"
Maurice bites you.
* * * LOW HITPOINT WARNING * * *
Maurice drains your magic.
You take 5 damage, and have 25/70 hp.
You miss Maurice.
Maurice is lightly wounded.
Maurice is no longer more vulnerable to fire.
You block the orc warrior's attack. Maurice hits you with a +0 short sword.
* * * LOW HITPOINT WARNING * * *
Maurice grunts, "Curses!"
Maurice closely misses you.
The orc warrior hits you from afar with a +0 glaive!
* * * LOW HITPOINT WARNING * * *
You block Maurice's attack. Maurice bites you but does no damage.
You take 21 damage, and have 4/70 hp.
MY FAVORITE EYEBALLS!!
Reach: f) +1 trident (venom)
Press: ? - help, Dir - move target, f - Maurice
Aim: Maurice, wielding a +0 short sword, wearing a +2 cloak of stealth and carrying a wand of warping (lightly wounded, very poisoned, about 50% to evade your +1 trident of venom)
Okay, then.
Okay, then.
The air fills with toxic fumes!
As you read the scroll labelled KOCSID AGIMM, it crumbles to dust.
It was a scroll of poison.
The orc warrior hits you from afar with a +0 glaive!!
You die...

.... ##.##
#......'....... ...
#...# #......#####'##
..# #...# ....##### #.#
..# #...# .... #.# ..#
##.## ... #.# ..# #.# ..
#.# ..######## ##¤## ###
#.#
.....#@..###¤¤o###¤¤¤#¤¤
#.#
####...P.¤¤¤¤¤¤f@¤¤P¤¤¤¤
#.#
###...###¤¤¤###¤¤¤#¤¤
##### ##¤## ### #.# #.#
... .P.


You could see Maurice (very poisoned) and an orc warrior.

Vanquished Creatures
  Joseph (D:7)
  A steam dragon (D:6)
  Menkaure (D:6)
  Duvessa (D:6)
  An orc warrior (D:7)
  2 sky beasts (D:7)
  4 black bears
  An ice beast (D:5)
  An ogre (D:7)
  2 centaurs
  A weeping skull (D:5)
  2 bullfrogs
  5 scorpions
  Dowan (D:6)
  3 jellies (D:5)
  3 orc priests
  A gnoll bouda (D:5)
  A sleepcap (D:7)
  Jessica (D:3)
  Terence (D:3)
  2 iguanas
  6 orc wizards
  Robin (D:3)
  11 adders
  A white imp (D:5)
  4 ufetubi (D:6)
  5 ribbon worms
  4 dart slugs
  13 orcs
  11 endoplasms
  2 giant cockroaches
  10 hobgoblins
  3 jackals (D:2)
  7 kobolds
  3 quokkas
  8 ball pythons
  13 bats
  A frilled lizard (D:1)
  12 goblins
  9 rats
  A spectral orc (D:5)
161 creatures vanquished.

Vanquished Creatures (others)
  474 foxfires
474 creatures vanquished.

Grand Total: 635 creatures vanquished

Notes
Turn   | Place    | Note
-------+----------+-------------------------------------------
     0 | D:1      | GamesABlazin the Djinni Fire Elementalist began the quest
                  | for the Orb.
     0 | D:1      | GamesABlazin set off with the following spells memorised:
                  | Foxfire, Scorch, Volatile Blastmotes, Inner Flame, Flame
                  | Wave.
     0 | D:1      | Reached XP level 1. HP: 15/15 MP: 0/0
   101 | D:1      | Reached XP level 2. HP: 19/21 MP: 0/0
   532 | D:1      | Reached XP level 3. HP: 25/26 MP: 0/0
   532 | D:1      | Learned a level 1 spell: Apportation
   971 | D:2      | Reached skill level 1 in Fighting
  1009 | D:2      | Reached XP level 4. HP: 30/32 MP: 0/0
  1561 | D:2      | Reached XP level 5. HP: 32/38 MP: 0/0
  1561 | D:2      | Learned a level 2 spell: Mercury Vapours
  1861 | D:3      | Noticed Robin
  2022 | D:3      | Killed Robin
  2027 | D:3      | Noticed Jessica
  2032 | D:3      | Killed Jessica
  2162 | D:3      | Found Jewien's Distillery.
  2167 | D:3      | Bought a potion of degeneration for 14 gold pieces
  2172 | D:3      | Noticed Terence
  2181 | D:3      | Killed Terence
  2182 | D:3      | Reached XP level 6. HP: 41/45 MP: 0/0
  2201 | D:3      | Found a broken altar of Ashenzari.
  2220 | D:3      | Found Mesup's Weapon Boutique.
  2524 | D:3      | Identified the +2 robe "Osimipt" {Int+4}
  2950 | D:4      | Reached XP level 7. HP: 41/51 MP: 0/0
  2950 | D:4      | Learned a level 3 spell: Mephitic Cloud
  3326 | D:4      | Reached skill level 5 in Spellcasting
  3326 | D:4      | Reached skill level 5 in Conjurations
  3326 | D:4      | Reached skill level 5 in Hexes
  3326 | D:4      | Reached skill level 5 in Summonings
  3326 | D:4      | Reached skill level 5 in Necromancy
  3326 | D:4      | Reached skill level 5 in Translocations
  3326 | D:4      | Reached skill level 5 in Fire Magic
  3326 | D:4      | Reached skill level 5 in Ice Magic
  3326 | D:4      | Reached skill level 5 in Air Magic
  3326 | D:4      | Reached skill level 5 in Earth Magic
  3326 | D:4      | Reached skill level 5 in Alchemy
  3513 | D:4      | Found a runed translucent gate.
  3524 | D:4      | Noticed Arkalis's ghost (amateur DsCK)
  3528 | D:4      | Identified the +0 leather armour "Zeussev" {Will+}
  3844 | D:4      | Found a runed translucent gate.
  3845 | D:4      | Found a runed translucent gate.
  3986 | D:4      | Found a roughly hewn altar of Beogh.
  4021 | D:5      | Entered Level 5 of the Dungeon
  4058 | D:5      | Found a stormy altar of Qazlal.
  4094 | D:5      | Reached skill level 1 in Shields
  4153 | D:5      | Found a hazy altar of Hepliaklqana.
  4158 | D:5      | Reached XP level 8. HP: 54/58 MP: 0/0
  4238 | D:5      | Found a sparkling altar of Nemelex Xobeh.
  4339 | D:5      | Found a basalt altar of Yredelemnul.
  4505 | D:5      | Found a snail-covered altar of Cheibriados.
  4807 | D:6      | Noticed Menkaure
  5185 | D:6      | Noticed Dowan
  5345 | D:6      | Killed Menkaure
  5346 | D:6      | Reached skill level 5 in Shields
  5377 | D:6      | Noticed Duvessa
  5398 | D:6      | Killed Duvessa
  5399 | D:6      | Reached XP level 9. HP: 48/62 MP: 0/0
  5399 | D:6      | Learned a level 4 spell: Anguish
  5405 | D:6      | Killed Dowan
  6013 | D:6      | Found a glowing golden altar of the Shining One.
  6013 | D:6      | Found a hide-covered altar of Uskayaw.
  6013 | D:6      | Found a shimmering altar of Xom.
  6383 | D:7      | Found a staircase to the Ecumenical Temple.
  6391 | Temple   | Entered the Ecumenical Temple
  6407 | D:7      | Upgraded the game from 0.32-a0-913-g739538afd8 to
                  | 0.32-a0-931-g5a2cda0630
  6549 | Temple   | Became a worshipper of Makhleb the Destroyer
  6950 | D:7      | Found a white marble altar of Elyvilon.
  7107 | D:7      | Noticed Joseph
  7127 | D:7      | Noticed Maurice
  7133 | D:7      | Killed Joseph
  7134 | D:7      | Reached skill level 5 in Fighting
  7134 | D:7      | Reached XP level 10. HP: 17/70 MP: 0/0
  7140 | D:7      | Maurice stole 314 gold
  7142 | D:7      | Maurice stole 72 gold
  7160 | D:7      | HP: 4/70 [orc warrior/+0 glaive (17)]
  7161 | D:7      | Demolished by an orc warrior

Illustrated notes

Levels and vault maps discovered:
D:1:      lemuel_arrival_rhombus, layout_basic
D:2:      layout_loops_cross
D:3:      layout_basic, mainiacjoe_overflow_concentric_impassable, serial_shops,
          shop, shop, minmay_misc_feat_rugged, minmay_joined_circles,
          uniq_terence, uniq_jessica, uniq_robin
D:4:      cheibrodos_pilgrimage, layout_basic, biasface_ghost_orc_armoury
D:5:      layout_basic, nicolae_sif_muna_condensation,
          mainiacjoe_overflow_small_starburst,
          yredelemnul_forgotten_temple_becter,
          mainiacjoe_overflow_catch_the_wave,
          mainiacjoe_overflow_catwalk_spiral, st_stairs_2
D:6:      layout_basic, gammafunk_temple_overflow_claw, kennysheep_small_circle,
          uniq_duvessa, uniq_menkaure
D:7:      layout_basic, elyvilon_altar_1, minmay_temple_entry_grid,
          serial_shops, nicolae_shop_gibbet_a_chance, uniq_joseph, uniq_maurice
Temple:   corrupted_temple

Skill      XL: |  1  2  3  4  5  6  7  8  9 |
---------------+----------------------------+-----
Fighting       | 1 2 3 4 5 |  5.0
Dodging        | 3 4 |  4.0
Spellcasting   | 4 5 6 7 |  7.3
Conjurations   | 4 5 6 7 |  7.3
Hexes          | 4 5 6 7 |  7.3
Summonings     | 4 5 6 7 |  7.3
Necromancy     | 4 5 6 7 |  7.3
Translocations | 4 5 6 7 |  7.3
Fire Magic     | 4 5 6 7 |  7.3
Ice Magic      | 4 5 6 7 |  7.3
Air Magic      | 4 5 6 7 |  7.3
Earth Magic    | 4 5 6 7 |  7.3
Alchemy        | 4 5 6 7 |  7.3
Shields        | 2 5 7 |  7.0
Armour         | 3 |  3.8
Stealth        | |  1.9

Action                     |  1- 3 |  4- 6 |  7- 9 | 10-12 || total
---------------------------+-------+-------+-------+-------++-------
  Melee: Unarmed           |     5 |       |       |       ||     5
         Dagger            |     2 |       |       |       ||     2
         Trident           |       |       |       |     3 ||     3
   Cast: Foxfire           |    54 |   106 |   130 |     3 ||   293
         Scorch            |       |    31 |    49 |     6 ||    86
         Volatile Blastmot |       |     1 |    13 |       ||    14
         Mephitic Cloud    |       |       |     1 |       ||     1
    Use: Scroll            |       |     3 |     5 |     3 ||    11
         Potion            |       |       |     1 |     4 ||     5
 Armour: Robe              |    17 |    28 |    88 |    32 ||   165
         Leather armour    |       |    10 |       |       ||    10
  Dodge: Dodged            |    25 |    26 |    61 |    14 ||   126
  Block: Kite shield       |       |       |    42 |    21 ||    63

Table legend: (Time is in decaauts)
 A = Elapsed time spent in this place.
 B = Non-inter-level travel time spent in this place.
 C = Inter-level travel time spent in this place.
 D = Time resting spent in this place.
 E = Time spent auto-exploring this place.
 F = Levels seen in this place.
 G = Mean time per level.
                   A        B        C        D        E       F      G
               +--------+--------+--------+--------+--------+-----+--------+
         Total |   7168 |   6847 |    321 |    911 |   4536 |   8 |  896.0 |
       Dungeon |   6992 |   6684 |    308 |    806 |   4536 |   7 |  998.9 |
        Temple |    176 |    163 |     13 |    105 |      0 |   1 |  176.0 |
               +--------+--------+--------+--------+--------+-----+--------+

Top non-repeatable levels by time:
     D:5: 1245 daAuts
     D:4: 1213 daAuts
     D:6: 1052 daAuts
     D:2: 999 daAuts
     D:1: 908 daAuts
     D:3: 898 daAuts
     D:7: 674 daAuts
  Temple: 176 daAuts
